 Dungeon Crawl Stone Soup version 0.28.0 (webtiles) character file.

Game seed: 7554658905844059411

204 multipassport the Shield-Bearer (level 6, -2/48 HPs)
             Began as a Formicid Fighter on Feb 12, 2022.
             Was an Initiate of Dithmenos.
             Succumbed to a scorpion's poison
             ... on level 4 of the Dungeon.
             The game lasted 00:06:50 (3614 turns).

multipassport the Shield-Bearer (Formicid Fighter)  Turns: 3614, Time: 00:06:51

Health: -2/48      AC:  7    Str: 23    XL:     6   Next: 9%
Magic:  6/6        EV: 10    Int:  7    God:    Dithmenos [......]
Gold:   135        SH:  4    Dex: 10    Spells: 5/5 levels left

rFire   . . .      SeeInvis +   a - +0 trident
rCold   . . .      Faith    .   c - +0 buckler
rNeg    . . .      Spirit   .   b - +0 scale mail
rPois   .          Reflect  .   (helmet unavailable)
rElec   .          Harm     .   (no cloak)
rCorr   .          Rampage  .   (no gloves)
Will    .....                   (no boots)
Stlth   ..........              (no amulet)
HPRegen 0.16/turn               (no ring)
MPRegen 0.10/turn               (no ring)

@: lethally poisoned (-2 -> -17)
A: permanent stasis, dig shafts and tunnels, antennae 3, four strong arms
a: Dig, Shaft Self, Renounce Religion


You were on level 4 of the Dungeon.
You worshipped Dithmenos.
Dithmenos was noncommittal.
You visited 1 branch of the dungeon, and saw 4 of its levels.

You collected 135 gold pieces.

Inventory:

Hand Weapons
 a - a +0 trident (weapon)
Armour
 b - a +0 scale mail (worn)
 c - a +0 buckler (worn)
Scrolls
 d - a scroll of torment {unknown}
 j - a scroll of fear
 o - a scroll of fog
Potions
 g - 2 potions of magic
 h - a potion of attraction
 k - a potion of heal wounds {unknown}
 p - a potion of lignification {unknown}
 q - a potion of curing {unknown}


   Skills:
 + Level 4.2 Fighting
 + Level 3.1 Polearms
 + Level 4.3 Armour
 + Level 1.9 Dodging
 + Level 4.5 Shields


You had 5 spell levels left.
You didn't know any spells.
Your spell library contained the following spells:

 Spells                   Type           Power      Damage    Failure   Level
 Freezing Cloud           Conj/Ice/Air   0%         6-21      100%        5
 Simulacrum               Ice/Necr       0%         N/A       100%        6
 Polar Vortex             Ice            0%         N/A       100%        9


Dungeon Overview and Level Annotations

Branches:
Dungeon (4/15)
 Temple: D:4-7

Altars:
Ashenzari
Dithmenos
Makhleb
Uskayaw


Innate Abilities, Weirdness & Mutations

You cannot be hasted, slowed, berserked, paralysed or teleported.
You can dig through walls and to a lower floor.
You have a pair of large antennae on your head. (SInv)
Your four strong arms can wield two-handed weapons with a shield.


Message History

The scorpion is severely wounded.
The scorpion closely misses you.
You hit the scorpion but do no damage.
The scorpion is severely wounded.
The scorpion stings you! The scorpion stings you.
You are poisoned.
The scorpion poisons you!
You barely miss the scorpion.
The scorpion is severely wounded.
You feel very sick. The scorpion closely misses you.
You barely miss the scorpion.
The scorpion is severely wounded.
You feel very sick.
The scorpion stings you but does no damage.
You barely miss the scorpion.
The scorpion is severely wounded.
You feel sick. You block the scorpion's attack.
The scorpion stings you but does no damage.
You closely miss the scorpion.
The scorpion is severely wounded.
You feel sick. The scorpion stings you.
You are more poisoned.
The scorpion poisons you!
You closely miss the scorpion.
The scorpion is severely wounded.
* * * LOW HITPOINT WARNING * * *
You feel very sick. The scorpion stings you!
* * * LOW HITPOINT WARNING * * *
You are more poisoned.
The scorpion poisons you! The scorpion closely misses you.
You hit the scorpion.
The scorpion is almost dead.
* * * LOW HITPOINT WARNING * * *
You feel very sick.
The scorpion stings you but does no damage.
You hit the scorpion but do no damage.
The scorpion is almost dead.
You die...

##################
#.................
#.################
#.# #... #@# #...
#s# #...
#...s....... ##...
#........... .'...
{#...........
##... ##..........
.'... #.#.##.....
##... #.#.# .....
## # #>... .....
..


You could see 2 scorpions.

Vanquished Creatures
  A scorpion (D:3)
  A bullfrog skeleton (D:4)
  A hound skeleton (D:4)
  An adder (D:4)
  A gnoll (D:3)
  5 dart slugs
  4 orcs
  6 bats
  5 endoplasms
  4 giant cockroaches
  3 goblins
  11 hobgoblins
  4 jackals (D:3)
  7 kobolds
  2 quokkas
  A ball python (D:2)
  A frilled lizard (D:2)
  3 rats
61 creatures vanquished.

Notes
Turn   | Place    | Note
-------+----------+-------------------------------------------
     0 | D:1      | multipassport the Formicid Fighter began the quest for the
                  | Orb.
     0 | D:1      | Reached XP level 1. HP: 18/18 MP: 1/1
   212 | D:1      | Reached XP level 2. HP: 24/24 MP: 2/2
   259 | D:1      | Found a faded altar of an unknown god.
   393 | D:1      | Reached XP level 3. HP: 28/29 MP: 3/3
  1250 | D:2      | Reached skill level 1 in Dodging
  1660 | D:3      | Reached XP level 4. HP: 37/37 MP: 4/4
  2149 | D:3      | Noticed a scorpion
  2157 | D:3      | Killed a scorpion
  2158 | D:3      | Reached XP level 5. HP: 23/42 MP: 5/5
  3297 | D:4      | Found a broken altar of Ashenzari.
  3300 | D:4      | Found a shadowy altar of Dithmenos.
  3348 | D:4      | Found a burning altar of Makhleb.
  3351 | D:4      | Found a hide-covered altar of Uskayaw.
  3358 | D:4      | Became a worshipper of Dithmenos the Shadowed
  3409 | D:4      | Reached XP level 6. HP: 27/48 MP: 6/6
  3613 | D:4      | HP: 2/48 [poisoned by a scorpion]
  3614 | D:4      | Succumbed to a scorpion's poison

Illustrated notes

Levels and vault maps discovered:
D:1:      dpeg_arrival_refuge, layout_rooms, ebering_ecumenical_altar_abandoned,
          dk_noncrumbling_4, nicolae_concentric_dashed_squares_mild,
          minmay_hexomino_u4
D:2:      layout_loops_corners
D:3:      layout_basic, roderic_lattice_a, minmay_cupped
D:4:      minmay_wonky_spiral, layout_basic, grunt_temple_overflow_open,
          portal_sewer_entry_a, minmay_pentangle

Skill      XL: |  1  2  3  4  5 |
---------------+----------------+-----
Shields        | 4 |  4.5
Dodging        | 1 |  1.9
Fighting       | 4 |  4.2
Armour         | 4 |  4.3
Polearms       | 3 |  3.1

Action                   |  1- 3 |  4- 6 || total
-------------------------+-------+-------++-------
Melee: Trident           |   110 |   122 ||   232
  Use: Potion            |       |     1 ||     1
       Scroll            |       |     8 ||     8
Armor: Scale mail        |    39 |    49 ||    88
Dodge: Dodged            |    39 |    56 ||    95
Block: Buckler           |    18 |    15 ||    33
